 Dungeon Crawl Stone Soup version 0.25-a0-834-g55863b0b92 (webtiles) character file.

Game seed: 17309621419815189228, levelgen mode: deterministic

41 Lanoc the Cudgeler (level 3, -1/26 HPs)
             Began as an Octopode Chaos Knight on Apr 22, 2020.
             Was a Plaything of Xom.
             Slain by an adder (2 damage)
             ... on level 2 of the Dungeon.
             The game lasted 00:01:12 (724 turns).

Lanoc the Cudgeler (Octopode Chaos Knight)           Turns: 724, Time: 00:01:12

Health: -1/26      AC:  3    Str: 11    XL:     3   Next: 52%
Magic:  3/3        EV: 14    Int: 14    God:    Xom [..*...]
Gold:   45         SH:  0    Dex: 12    Spells: 2/2 levels left

rFire    . . .     SeeInvis .   a - +0 mace (chaos)
rCold    . . .     Gourm    .   (no shield)
rNeg     . . .     Faith    .   e - +2 hat
rPois    .         Spirit   .   (no amulet)
rElec    .         Reflect  .   (no ring)
rCorr    .         Harm     .   (no ring)
MR       .....                  (no ring)
Stlth    ++........             (no ring)
HPRegen  0.08/turn              (no ring)
MPRegen  0.08/turn              (no ring)
                                (no ring)
                                (no ring)

@: no status effects
A: almost no armour, stealthy swim, amphibious, 8 rings, constrict 8, camouflage
1, gelatinous body 1
a: Renounce Religion


You were on level 2 of the Dungeon.
You worshipped Xom.
You were a toy of Xom.
You were not hungry.

You visited 1 branch of the dungeon, and saw 2 of its levels.

You collected 45 gold pieces.

Inventory:

Hand Weapons
 a - a +0 mace of chaos (weapon)
Armour
 e - a +2 hat (worn)
Scrolls
 d - a scroll of identify {unknown}
 h - a scroll of amnesia {unknown}
 i - 2 scrolls of enchant armour {unknown}
Potions
 c - 2 potions of heal wounds {unknown}
 f - a potion of degeneration {unknown}
 g - 2 potions of invisibility {unknown}
 j - a potion of brilliance {unknown}
 k - a potion of stabbing {unknown}
Comestibles
 b - a ration


   Skills:
 + Level 3.3 Fighting
 * Level 3.8 Maces & Flails
 + Level 2.8 Dodging


You had 2 spell levels left.
You didn't know any spells.
Your spell library was empty.

Dungeon Overview and Level Annotations

Branches:
Dungeon (2/15)

Altars:


Innate Abilities, Weirdness & Mutations

You cannot wear most types of armour.
You are very stealthy in the water. (Stealth+)
You are amphibious.
You can wear up to eight rings at the same time.
You can use your tentacles to constrict eight enemies at once.
Your skin changes colour to match your surroundings (Stealth+).
Your rubbery body absorbs attacks. (AC +1, EV +1)


Message History

2 rats come into view.
Found 17 gold pieces.
An adder comes into view.
The adder hisses angrily.
The adder bites you. The rat bites you.
You are too injured to fight recklessly!
You are too injured to fight recklessly!
You hit the adder. Your grab misses the adder.
The adder is heavily wounded.
The adder bites you but does no damage. The adder bites you.
* * * LOW HITPOINT WARNING * * *
You barely miss the adder. You grab the adder.
The adder is heavily wounded.
You constrict the adder. The adder bites you.
* * * LOW HITPOINT WARNING * * *
You barely miss the adder.
The adder is severely wounded.
You constrict the adder, but do no damage.
The adder bites you but does no damage. The adder bites you.
You die...

......##########.######.#
###..## #......... ##.(##
##..###### ...## #..#
.#.## ##..# ....# #...#
.##.# #...# .##.#
###...##### ###.#
#rS@....... # #..
#.r#.[...... # ....
#...##........ # ....
#..$. #........ #.....
#.... #...<.... .(.....
..#.. ##....... .<..... .
.. ....... ....... ###
....... .......


You could see an adder and 2 rats.

Vanquished Creatures
  An adder (D:2)
  2 dart slugs (D:1)
  2 ball pythons
  2 bats (D:1)
  4 giant cockroaches
  2 goblins (D:1)
  4 hobgoblins
  A jackal (D:1)
  A kobold (D:2)
  6 frilled lizards
  2 rats
27 creatures vanquished.

Notes
Turn   | Place    | Note
-------+----------+-------------------------------------------
     0 | D:1      | Lanoc the Octopode Chaos Knight began the quest for the
                  | Orb.
     0 | D:1      | Reached XP level 1. HP: 16/16 MP: 1/1
   112 | D:1      | Reached XP level 2. HP: 19/21 MP: 2/2
   461 | D:1      | XOM: smoke on damage
   578 | D:1      | XOM: silly message
   611 | D:1      | XOM: silly message
   618 | D:2      | Reached XP level 3. HP: 26/26 MP: 3/3
   618 | D:2      | XOM: silly message
   723 | D:2      | HP: 1/26 [adder (5)]
   724 | D:2      | Slain by an adder

Levels and vault maps discovered:
D:1:      dpeg_arrival_lava_temple_mockup, layout_loops_cross,
          serial_bayou_pond_b
D:2:      layout_rooms, old_standard_altar, nrook_mini_vaults

Action                   || total
-------------------------++-------
Melee: Mace              ||    50
       Constrict         ||    11
       Tentacles         ||     3
 Stab: Sleeping          ||     5
Armor: Skin              ||     9
Dodge: Dodged            ||    35

Table legend:
 A = Non-vault XP
 B = Vault XP
 C = Vault XP percentage of total XP
 D = Non-vault monster count
 E = Vault monster count
 F = Vault count percentage of total count
                 A         B        C        D         E       F
            +---------+---------+-------+---------+---------+-------
      Total |      54 |       5 |   8.5 |      24 |       3 |  11.1
            +---------+---------+-------+---------+---------+-------
        D:1 |      28 |       5 |  15.2 |      15 |       3 |  16.7
        D:2 |      26 |       0 |   0.0 |       9 |       0 |   0.0
            +---------+---------+-------+---------+---------+-------
